cohdb
Replays
Latest Replays
All Replays
Popular Replays
Top Player Replays
Match Explorer
How It Works
Community
CoH3 Stats
Reddit
Sign in to upload your games and track your stats! →
Sign in with Steam
Match 39077641
Unlisted
Match 39077641
Overview
Messages
Build Orders
End
Construct Infanterie Kompanie
Selects Luftwaffe Battlegroup
Selects Luftwaffe Pioneer Support
Fallschirmpioneer Squad Paradrop
MG 42 Machine Gun Team
GrW 34 Mortar Team
Fallschirmpioneer Squad Paradrop
Construct Panzergrenadier Kompanie
Selects Stuka Strafing Run
Stuka Strafing Run
251 Medium Carrier
Medical Bunker
DELTA ㋛
๋
Schimmelhorst
BmAAn
STALKER4732
Link626
Chubbybro
szwed
0
0
Comments
sign in to comment!
No comments posted yet!